 Seeded DCSS version 0.30.1-9-gdf580d7c3d (webtiles) character file.

Game seed: 6351066067085065685 (custom seed)

1830 Esekla the Thaumaturge (level 8, -1/41 HPs)
             Began as a Deep Elf Wanderer on Oct 16, 2023.
             Was a Priest of Vehumet.
             Succumbed to a gnoll sergeant's poison
             ... on level 7 of the Dungeon.
             The game lasted 00:35:52 (4940 turns).

Esekla the Thaumaturge (Deep Elf Wanderer)          Turns: 4940, Time: 00:35:53

Health: -1/41      AC:  5    Str: 11    XL:     8   Next: 86%
Magic:  18/24      EV: 12    Int: 21    God:    Vehumet [***...]
Gold:   379        SH:  4    Dex: 11    Spells: 18/28 levels left

rFire   . . .        a - +2 dagger (vamp)
rCold   . . .        d - +0 buckler
rNeg    . . .        c - +0 robe
rPois   .            m - +0 helmet
rElec   .            F - +0 cloak
rCorr   .            l - +0 pair of gloves
SInv    .            (no boots)
Will    .....        v - amulet of magic regeneration
Stlth   ++           (no ring)
HPRegen 0.26/turn    (no ring)
MPRegen 0.59/turn

%: no passive effects
@: lethally poisoned (-1 -> -22)
A: no striking features
a: Renounce Religion


You were on level 7 of the Dungeon.
You worshipped Vehumet.
Vehumet was most pleased with you.
You visited 1 branch of the dungeon, and saw 7 of its levels.

You collected 379 gold pieces.

Inventory:

Hand Weapons
 a - a +2 vampiric dagger (weapon)
 r - a +0 trident
 s - the +5 rapier of the Hero {heavy, rN+ Dex+3}
   (You found it on level 3 of the Dungeon)

   Dex:       It affects your dexterity (+3).
   rN:        It protects you from negative energy.
Missiles
 A - 23 poisoned darts (quivered)
Armour
 c - a +0 robe (worn)
 d - a +0 buckler (worn)
 l - a +0 pair of gloves (worn)
 m - a +0 helmet (worn)
 F - a +0 cloak (worn)
Jewellery
 v - an amulet of magic regeneration (around neck)
Wands
 f - a wand of roots (16)
 C - a wand of flame (15)
 H - a wand of mindburst (9)
Scrolls
 g - 7 scrolls of identify {unknown}
 o - a scroll of enchant armour {unknown}
 p - 2 scrolls of amnesia {unknown}
 q - a scroll of immolation {unknown}
 t - a scroll of magic mapping {unknown}
 w - 2 scrolls of fog {unknown}
 x - 3 scrolls of enchant weapon {unknown}
 y - a scroll of silence {unknown}
 z - 5 scrolls of blinking {unknown}
 B - a scroll of summoning {unknown}
 D - 2 scrolls of fear
 E - 2 scrolls of teleportation {unknown}
 G - 2 scrolls of poison {unknown}
Potions
 b - 2 potions of lignification
 e - 2 potions of ambrosia {unknown}
 h - 2 potions of heal wounds {unknown}
 i - 2 potions of attraction {unknown}
 j - 2 potions of haste {unknown}
 n - a potion of mutation {unknown}
 u - 3 potions of brilliance {unknown}


   Skills:
 + Level 2.8 Short Blades
 + Level 0.6 Throwing
 * Level 4.9 Dodging
 + Level 3.2 Stealth
 + Level 1.8 Shields
 * Level 10.5 Spellcasting
 + Level 0.9 Conjurations
 * Level 6.0 Necromancy
 + Level 3.2 Translocations
 * Level 1.3 Transmutations
 * Level 1.4 Fire Magic
 * Level 1.2 Poison Magic
 + Level 1.0 Invocations


You had 18 spell levels left.
You knew the following spells:

 Your Spells              Type           Power      Damage    Failure   Level
a - Magic Dart            Conj           56%        1d5       1%          1
b - Blink                 Tloc           48%        N/A       3%          2
d - Vampiric Draining     Necr           36%        2d8       2%          3
n - Ignite Poison         Fire/Tmut/Pois 16%        N/A       4%          3
p - Apportation           Tloc           48%        N/A       2%          1

Your spell library contained the following spells:

 Spells                   Type           Power      Damage    Failure   Level
 Stone Arrow              Conj/Erth      24%        3d8       6%          3
 Lesser Beckoning         Tloc           48%        N/A       3%          2
 Gell's Gravitas          Tloc           24%        N/A       7%          3
 Teleport Other           Tloc           24%        N/A       7%          3
 Spider Form              Tmut/Pois      16%        N/A       16%         3
 Cause Fear               Hex            5%         N/A       65%         4
 Summon Mana Viper        Hex/Summ       11%        N/A       94%         5


Dungeon Overview and Level Annotations

Branches:
Dungeon (7/15)
 Temple: D:4-7

Altars:
Dithmenos
Fedhas
Hepliaklqana
Okawaru
Qazlal
Trog
Vehumet
Zin
The Shining One

Shops:
D:2 =   D:4 (


Message History

Confirm with . or Enter, or press ? or * to list all spells.
Aiming: Vampiric Draining (dangerous; 2% risk of failure)
Press: ? - help, Shift-Dir - straight line, f/p - gnoll sergeant
Aim: a gnoll sergeant, wielding a +4 trident of venom, wearing a +0 ring mail and wearing a +0 buckler (moderately wounded)
You draw life force from the gnoll sergeant!
You feel life coursing into your body! The gnoll hits you with a +0 club!
The gnoll sergeant hits you with a +4 trident of venom.
* * * LOW HITPOINT WARNING * * *
You are lethally poisoned!
You block the gnoll's attack. The gnoll misses you.
You feel better. The gnoll barely misses you.
The gnoll sergeant hits you with a +4 trident of venom!
* * * LOW HITPOINT WARNING * * *
You are lethally poisoned!
The gnoll barely misses you.
The gnoll hits you from afar with a +0 spear.
* * * LOW HITPOINT WARNING * * *
You feel better. The gnoll hits you with a +0 club.
* * * LOW HITPOINT WARNING * * *
The gnoll sergeant hits you with a +4 trident of venom.
* * * LOW HITPOINT WARNING * * *
You are lethally poisoned!
The gnoll barely misses you. The gnoll closely misses you.
You feel better. You block the gnoll's attack.
The gnoll sergeant hits you with a +4 trident of venom!
* * * LOW HITPOINT WARNING * * *
You are lethally poisoned!
The gnoll hits you but does no damage.
The gnoll hits you from afar with a +0 spear.
* * * LOW HITPOINT WARNING * * *
Casting: Vampiric Draining (dangerous; 2% risk of failure)
Confirm with . or Enter, or press ? or * to list all spells.
Aiming: Vampiric Draining (dangerous; 2% risk of failure)
Press: ? - help, Shift-Dir - straight line, f/p - gnoll sergeant
Aim: a gnoll sergeant, wielding a +4 trident of venom, wearing a +0 ring mail and wearing a +0 buckler (severely wounded)
You draw life force from the gnoll sergeant.
You kill the gnoll sergeant!
Vehumet accepts your kill.
You feel life coursing into your body.
You die...

###################
+.......ggg........
#.(..##############
#....# #### #.g..#
#(gg
#.@).###########g##
#..gg.........##)#
#.....#######.##.#
#####.#<....#.##g#
#.##.#..#.##g##
+...............
#####.####..#### ..
#..# .##..#


You could see 3 gnolls.

Vanquished Creatures
  A wyvern (D:7)
  Menkaure (D:7)
  An ice beast (D:6)
  2 black bears
  An ogre (D:5)
  A centaur (D:7)
  A phantom (D:7)
  Blork the orc (D:6)
  A kobold brigand (D:6)
  A gnoll sergeant (D:7)
  A bullfrog (D:7)
  2 scorpions (D:5)
  A gnoll bouda (D:3)
  5 hounds
  A jelly (D:6)
  Crazy Yiuf (D:7)
  5 iguanas
  A sleepcap (D:5)
  An orc wizard (D:7)
  13 gnolls
  8 adders
  3 white imps
  An ufetubus (D:6)
  A worm (D:4)
  3 dart slugs
  15 orcs
  4 endoplasms
  8 goblins
  5 hobgoblins
  A quokka (D:1)
  6 ball pythons
  4 bats
  4 frilled lizards
  12 kobolds
  A rat (D:2)
118 creatures vanquished.

Notes
Turn   | Place    | Note
-------+----------+-------------------------------------------
     0 | D:1      | Esekla the Deep Elf Wanderer began the quest for the Orb.
     0 | D:1      | Esekla set off with the following items: a +0 club, a
                  | potion of lignification, a +0 robe, a +0 buckler; and the
                  | following spells available to memorise: Apportation, Blink,
                  | Lesser Beckoning, Magic Dart, Ignite Poison, Vampiric
                  | Draining.
     0 | D:1      | Reached XP level 1. HP: 10/10 MP: 7/7
     2 | D:1      | Learned a level 1 spell: Magic Dart
     4 | D:1      | Learned a level 1 spell: Apportation
   271 | D:2      | Found Renulab's Jewellery Shop.
   559 | D:4      | Found a radiant altar of Vehumet.
   567 | D:4      | Found an iron altar of Okawaru.
   579 | D:4      | Found a glowing silver altar of Zin.
   662 | D:4      | Became a worshipper of Vehumet
   898 | D:3      | Reached XP level 2. HP: 15/15 MP: 5/9
   901 | D:3      | Learned a level 2 spell: Blink
  1080 | D:3      | Identified the +5 rapier of the Hero {heavy, rN+ Dex+3}
                  | (You found it on level 3 of the Dungeon)
  1210 | D:2      | Reached skill level 5 in Spellcasting
  1289 | D:2      | Reached skill level 1 in Necromancy
  1381 | D:3      | Found a hazy altar of Hepliaklqana.
  1383 | D:3      | Found a bloodstained altar of Trog.
  1414 | D:3      | Found a stormy altar of Qazlal.
  1428 | D:3      | Reached XP level 3. HP: 19/19 MP: 9/11
  1432 | D:3      | Learned a level 3 spell: Vampiric Draining
  1446 | D:3      | Reached skill level 1 in Dodging
  1634 | D:3      | Reached XP level 4. HP: 23/24 MP: 10/13
  1764 | D:5      | Entered Level 5 of the Dungeon
  1771 | D:5      | Got the Parchment of the Lumpy Olives
  1787 | D:5      | Found a shadowy altar of Dithmenos.
  2062 | D:4      | Found Ponaysk's Antique Weapon Boutique.
  2194 | D:1      | Reached * piety under Vehumet
  2194 | D:1      | Offered knowledge of Sandblast by Vehumet.
  2199 | D:1      | Reached skill level 6 in Spellcasting
  2382 | D:1      | Reached XP level 5. HP: 27/27 MP: 13/15
  2677 | D:2      | Found a faded altar of an unknown god.
  2800 | D:2      | Noticed a black bear
  2809 | D:2      | Killed a black bear
  2810 | D:2      | Reached XP level 6. HP: 32/32 MP: 10/17
  2934 | D:3      | Reached skill level 7 in Spellcasting
  3087 | D:4      | Found a glowing golden altar of the Shining One.
  3130 | D:4      | Reached ** piety under Vehumet
  3133 | D:4      | Offered knowledge of Foxfire by Vehumet.
  3356 | D:5      | Reached skill level 1 in Short Blades
  3356 | D:5      | Reached XP level 7. HP: 23/36 MP: 6/20
  3477 | D:5      | Reached skill level 8 in Spellcasting
  4027 | D:6      | Reached skill level 9 in Spellcasting
  4027 | D:6      | Reached XP level 8. HP: 41/41 MP: 23/23
  4062 | D:6      | Found a blossoming altar of Fedhas.
  4107 | D:6      | Reached skill level 5 in Necromancy
  4108 | D:6      | Offered knowledge of Stone Arrow by Vehumet.
  4128 | D:6      | Learned a level 3 spell: Ignite Poison
  4245 | D:6      | Noticed Blork the orc
  4295 | D:6      | Killed Blork the orc
  4348 | D:7      | Found a runed translucent door.
  4349 | D:7      | Noticed Crazy Yiuf
  4356 | D:7      | HP: 1/41 [Crazy Yiuf/+4 quarterstaff of chaos (10)]
  4357 | D:7      | Killed Crazy Yiuf
  4357 | D:7      | Reached *** piety under Vehumet
  4557 | D:7      | Reached skill level 1 in Transmutations
  4694 | D:7      | Noticed Menkaure
  4698 | D:7      | Killed Menkaure
  4699 | D:7      | Reached skill level 10 in Spellcasting
  4699 | D:7      | Reached skill level 1 in Fire Magic
  4699 | D:7      | Reached skill level 1 in Poison Magic
  4939 | D:7      | HP: 2/41 [gnoll sergeant/+4 trident of venom (12)]
  4940 | D:7      | Succumbed to a gnoll sergeant's poison

Illustrated notes

Levels and vault maps discovered:
D:1:      sevenhm_arrival_forest_fort_small_3, layout_rooms,
          chequers_serial_rivers_room_b, minmay_misc_feat_five
D:2:      layout_loops_ring, dreamdust_ecumenical_altar_angels_and_demons,
          serial_shops, shop
D:3:      layout_basic, grunt_temple_overflow_open, minmay_misc_feat_iff
D:4:      layout_basic, nicolae_overflow_quartered_altars, serial_shops,
          nicolae_diamond_shop
D:5:      layout_loops_ring, lemuel_doored_altar, minmay_misc_feat_rows,
          dreamdust_wishing_well
D:6:      layout_loops_cross, fedhas_altar_fruit_tree,
          minmay_temple_entry_glass, uniq_pikel, uniq_blork_the_orc
D:7:      layout_basic, uniq_menkaure, uniq_joseph, uniq_crazy_yiuf_cottage

Skill      XL: |  1  2  3  4  5  6  7  8 |
---------------+-------------------------+-----
Spellcasting   | 5 6 7 9 10 | 10.5
Necromancy     | 1 2 3 4 6 |  6.0
Dodging        | 1 2 3 4 |  4.9
Short Blades   | 1 2 |  2.8
Translocations | 3 |  3.2
Stealth        | 2 3 |  3.2
Transmutations | 1 |  1.3
Fire Magic     | 1 |  1.4
Poison Magic   | 1 |  1.2
Throwing       | |  0.6
Shields        | |  1.8
Conjurations   | |  0.9
Invocations    | |  1.0

Action                     |  1- 3 |  4- 6 |  7- 9 || total
---------------------------+-------+-------+-------++-------
  Melee: Short sword       |    15 |       |       ||    15
         Rapier            |    17 |    53 |    61 ||   131
         Dagger            |       |     3 |    48 ||    51
  Throw: Dart              |       |     9 |     5 ||    14
   Cast: Apportation       |    27 |    19 |    19 ||    65
         Magic Dart        |    29 |    65 |    24 ||   118
         Vampiric Draining |     1 |    37 |    37 ||    75
         Blink             |       |     2 |     1 ||     3
    Use: Scroll            |     1 |       |       ||     1
         Potion            |       |       |     6 ||     6
   Stab: Sleeping          |     2 |     3 |     7 ||    12
 Armour: Robe              |    20 |    20 |    38 ||    78
  Dodge: Dodged            |    36 |    76 |    80 ||   192
  Block: Buckler           |     9 |    25 |    29 ||    63
